Map: Winter's Gate LE

Players

Unique

  • Race: Zerg Zerg
  • League: Master
  • Spawn Location: 5:00

Mez - Winner!

  • Race: Terran Terran
  • League: Master
  • Spawn Location: 11:00

VOD

Have the link to the VOD?

Description

Time

  • Played on: Sept. 3, 2019, 7:02 a.m.
  • Length: 14:56
Show
View Real Time Build Order
Export as new Build Order

Unique Zerg 

Build Orders: Hatch First 

Get SALT Encoding   

  12  0:01  Drone  
  13  0:12  Overlord  
  13  0:16  Drone  
  14  0:31  Drone x2  
  14  0:34  Drone  
  17  0:46  Drone  
  18  0:55  Hatchery  
  17  0:59  Drone  
  17  1:02  Extractor  
  17  1:13  Spawning Pool  
  17  1:16  Drone  
  17  1:20  Drone  
  18  1:30  Drone  
  19  1:39  Drone  
  20  1:49  Overlord  
  20  2:00  Queen  
  20  2:01  Metabolic Boost  
  22  2:07  Queen  
  24  2:09  Zergling x2  
  24  2:11  Zergling x2  
  24  2:12  Drone  
  27  2:25  Drone  
  27  2:34  Spore Crawler  
  27  2:37  Drone  
  27  2:39  Drone  
  27  2:40  Drone  
  29  2:46  Lair  
  29  2:48  Drone  
  29  2:49  Drone  
  31  2:57  Drone  
  32  3:07  Drone  
  32  3:08  Drone x2  
  32  3:11  Overlord  
  35  3:19  Drone  
  36  3:29  Queen  
  38  3:35  Zergling x8  
  42  3:45  Nydus Network, Queen  
  42  3:47  Overlord  
  43  3:49  Overlord  
  43  4:05  Queen  
  45  4:13  Zergling x8  
  45  4:15  Zergling x8  
  53  4:29  Zergling x2  
  53  4:30  Zergling x6  
  55  4:33  Nydus Canal  
  55  4:38  Zergling x4  
  55  4:39  Zergling x2  
  55  4:40  Zergling x2  
  59  4:45  Nydus Canal  
  59  4:55  Overlord x3  
  59  4:57  Nydus Canal  
  58  5:25  Nydus Canal  
  58  5:27  Zergling x4  
  58  5:28  Zergling x6  
  55  5:29  Zergling x2  
  55  5:30  Zergling x8  
  53  5:45  Zergling x6  
  53  5:46  Zergling x4  
  53  5:47  Queen x2  
  54  6:10  Drone x2  
  54  6:11  Drone x2  
  55  6:29  Hatchery  
  53  6:33  Zergling x4  
  53  6:35  Zergling x4  
  53  6:36  Queen  
  53  6:37  Queen  
  49  7:03  Spire, Drone x3  
  49  7:07  Extractor  
  50  7:28  Hatchery  
  49  7:31  Drone x3  
  49  7:33  Drone x5  
  49  7:34  Drone  
  58  7:39  Extractor  
  58  7:40  Hatchery  
  58  7:43  Drone  
  57  7:50  Zergling x2  
  57  7:51  Zergling x4  
  60  7:52  Zergling x2  
  60  7:55  Zergling x6  
  64  7:59  Baneling Nest, Zergling x4  
  64  8:03  Extractor  
  64  8:11  Zergling x4  
  61  8:20  Zergling x4  
  61  8:21  Zergling x2  
  56  8:40  Zergling x4  
  54  8:43  Zergling x10  
  54  8:44  Zergling x2  
  59  8:53  Queen x2  
  57  8:56  Zergling x4  
  57  8:58  Zergling x4  
  61  9:03  Zergling x10  
  61  9:04  Zergling x2  
  59  9:12  Queen, Zergling x2  
  63  9:24  Zergling x2  
  63  9:29  Zergling x4  
  64  9:33  Queen x2  
  64  9:36  Zergling x12  
  64  9:37  Zergling x10  
  79  9:38  Queen  
  79  9:39  Zergling x6  
  79  9:41  Zergling x6  
  79  9:42  Zergling x2  
  79  9:43  Baneling x2  
  79  9:44  Baneling x3  
  88  9:57  Overlord  
  88  9:59  Overlord x2  
  88  10:19  Mutalisk x2  
  88  10:20  Mutalisk x4  
  88  10:21  Mutalisk x5  
  83  10:44  Zergling x6  
  83  10:45  Zergling x2  
  78  10:59  Zergling x8  
  82  11:08  Zergling x4  
  82  11:09  Zergling x4  
  86  11:11  Zergling x2  
  86  11:14  Hatchery  
  80  11:26  Mutalisk  
  80  11:31  Mutalisk x5  
  88  11:35  Drone  
  88  11:36  Drone x5  
  85  11:45  Zergling x10  
  85  11:46  Zergling x4  
  86  11:58  Extractor  
  86  12:01  Zergling x4  
  87  12:03  Zergling x8  
  87  12:04  Centrifical Hooks  
  87  12:08  Zergling x10  
  92  12:18  Zergling x2  
  92  12:20  Zergling x4  
  90  12:32  Zergling x2  
  90  12:33  Zergling x6  
  90  12:34  Zergling x2  
  90  12:35  Zergling x12  
  90  12:36  Zergling x2  
  102  12:39  Zergling x2  
  102  12:40  Zergling x4  
  103  12:52  Zergling x8  
  103  12:56  Baneling x3  
  103  12:57  Baneling x6  
  103  12:58  Baneling  
  107  13:00  Drone  
  107  13:01  Drone x2  
  107  13:03  Overlord x2  
  96  13:40  Zergling x10  
  96  13:41  Zergling x2  
  90  13:58  Zergling x2  
  90  14:00  Zergling x4  
  90  14:01  Zergling x14  
  90  14:02  Zergling x6  
  103  14:03  Baneling x2  
  103  14:04  Baneling x8  
  103  14:05  Zergling x10, Baneling  
  103  14:06  Zergling x2  
  59  14:32  Zergling x4  
  59  14:33  Zergling x6  
  59  14:38  Zergling x12  
  64  14:39  Zergling x2  
Show
View Real Time Build Order
Export as new Build Order

Mez Terran - Winner!

Build Orders: Liberator Opening, Reaper Expand 

Get SALT Encoding   

  12  0:00  SCV  
  13  0:13  SCV  
  14  0:17  Supply Depot  
  14  0:25  SCV  
  15  0:38  SCV  
  15  0:40  Barracks  
  16  0:44  Refinery  
  16  0:50  SCV  
  17  1:02  SCV  
  18  1:15  SCV  
  19  1:28  Orbital Command, Reaper  
  20  1:41  Command Center  
  20  1:49  Supply Depot  
  20  1:55  SCV  
  20  2:00  Marine  
  22  2:08  SCV  
  23  2:13  Factory  
  23  2:15  Refinery  
  23  2:21  Barracks Reactor  
  23  2:25  SCV  
  24  2:39  SCV  
  25  2:51  SCV  
  25  2:55  Orbital Command  
  25  2:58  Starport  
  26  3:03  SCV, Hellion x2  
  31  3:06  Barracks Tech Lab  
  31  3:16  SCV  
  31  3:17  Supply Depot  
  31  3:19  Liberator  
  32  3:25  SCV  
  33  3:27  Hellion x2  
  33  3:28  SCV  
  33  3:32  Marine  
  41  3:44  SCV, Supply Depot  
  42  3:56  SCV x2  
  42  3:58  Siege Tank  
  42  3:59  Marine x2  
  49  4:08  SCV x2  
  51  4:17  Command Center  
  49  4:29  SCV  
  49  4:30  SCV  
  49  4:36  Supply Depot  
  49  4:44  Marine x2  
  49  4:45  Siege Tank  
  54  4:46  Starport Reactor  
  54  5:10  SCV  
  55  5:17  Marine x2  
  55  5:18  SCV  
  49  5:22  SCV  
  46  5:34  Marine  
  46  5:35  Marine  
  42  5:39  Barracks  
  42  5:40  Starport Reactor  
  39  5:52  Marine x2  
  39  5:55  SCV  
  35  6:07  SCV  
  35  6:09  Siege Tank  
  35  6:10  Marine x2  
  38  6:27  Marine x2  
  38  6:28  Marine  
  41  6:35  SCV  
  37  6:47  SCV  
  38  6:59  SCV  
  38  7:08  Command Center  
  38  7:16  Orbital Command  
  38  7:17  Barracks  
  38  7:25  SCV  
  38  7:30  Medivac  
  40  7:37  SCV, Refinery  
  40  7:42  SCV  
  42  7:47  Stimpack  
  42  7:49  SCV  
  43  7:54  SCV  
  44  8:00  Marine x2  
  44  8:04  Marine  
  46  8:06  SCV  
  46  8:10  Marine  
  46  8:13  SCV  
  46  8:20  Marine x3, SCV, Medivac  
  46  8:24  Orbital Command  
  46  8:26  SCV  
  51  8:32  SCV  
  47  8:42  Marine x5  
  47  8:43  SCV  
  47  8:44  SCV  
  54  8:49  Supply Depot  
  54  8:53  Supply Depot, Engineering Bay x2  
  54  8:55  SCV  
  55  8:59  SCV x2  
  55  9:00  Marine x4  
  61  9:02  Refinery  
  61  9:11  Marine, SCV  
  61  9:12  Factory Tech Lab  
  63  9:17  Marine x2  
  65  9:27  Marine x2  
  65  9:28  SCV x2  
  65  9:29  Marine, Orbital Command  
  69  9:33  Supply Depot  
  69  9:36  Terran Infantry Armor Level 1, Armory, Terran Infantry Weapons Level 1  
  69  9:40  SCV x2  
  69  9:43  Supply Depot  
  71  9:47  Combat Shield  
  71  9:48  Marine x4  
  71  9:49  Marine  
  71  9:52  SCV  
  77  9:55  SCV  
  77  9:59  Supply Depot  
  78  10:04  Siege Tank, SCV  
  78  10:06  Marine x2  
  84  10:11  SCV x2  
  84  10:12  Refinery  
  86  10:16  SCV  
  86  10:18  Marine  
  86  10:19  Marine x2  
  90  10:23  SCV x2  
  90  10:28  Marine, SCV  
  92  10:29  Marine  
  92  10:33  Medivac x2  
  92  10:35  SCV  
  99  10:36  Marine x2  
  99  10:37  Marine  
  90  10:44  Siege Tank, SCV x2  
  90  10:46  Marine  
  90  10:47  Marine  
  95  10:57  Marine  
  95  10:58  Marine x2  
  95  10:59  Missile Turret  
  95  11:03  Medivac x2, Missile Turret  
  101  11:09  Refinery  
  101  11:14  Marine x2  
  101  11:17  Missile Turret  
  98  11:20  Missile Turret  
  98  11:30  Marine x3  
  100  11:36  Medivac  
  100  11:45  Medivac  
  101  11:59  Supply Depot  
  101  12:00  Supply Depot  
  101  12:01  Supply Depot  
  101  12:02  SCV x3  
  101  12:04  Thor  
  101  12:07  Marine  
  111  12:16  Marine x2  
  111  12:17  Marine x2  
  115  12:25  Marine  
  112  12:34  Marine  
  112  12:36  Terran Infantry Weapons Level 2  
  112  12:37  Terran Infantry Armor Level 2  
  112  12:38  Barracks  
  112  12:39  Barracks  
  110  12:51  Marine x3  
  110  12:55  Marine x2  
  110  12:57  Siege Tank  
  118  13:04  Supply Depot  
  118  13:07  Supply Depot x2  
  118  13:11  Command Center  
  118  13:14  Marine x2  
  118  13:15  Marine x3  
  123  13:22  SCV, Factory  
  124  13:28  Barracks Reactor x2  
  122  13:41  Marine x5  
  104  13:42  Siege Tank  
  111  13:55  SCV x3  
  114  13:58  Marine  
  114  13:59  Marine x2  
  117  14:07  SCV x3  
  109  14:26  Marine x9  
  109  14:27  Factory Tech Lab  
  112  14:42  SCV x3  
Tags
 
Add a new tag
Caveats
  • Supply blocks, unpowered buildings, or Contaminate may cause inaccurate times.
  • Supply counts are checked every 10 seconds.